 Dungeon Crawl Stone Soup version 0.30-a0-777-ga9a30cbeda (webtiles) character file.

Game seed: 4892389181266119533

554 PLAYERX the Poker (level 7, -1/62 HPs)
             Began as a Minotaur Monk on Feb 13, 2023.
             Slain by a gnoll
             ... wielding a +0 spear
             ... led by a gnoll bouda
              (3 damage)
             ... on level 5 of the Dungeon on Feb 14, 2023.
             The game lasted 00:13:18 (3463 turns).

PLAYERX the Poker (Minotaur Monk)                   Turns: 3463, Time: 00:13:19

Health: -1/62      AC:  5    Str: 18    XL:     7   Next: 8%
Magic:  6/6        EV: 12    Int:  7    God:
Gold:   216        SH:  0    Dex: 12    Spells: 6/6 levels left

rFire   . . .      SeeInvis .    a - +0 spear
rCold   . . .      Faith    .    (no shield)
rNeg    . . .      Spirit   .    b - +0 ring mail
rPois   .          Reflect  .    (helmet restricted)
rElec   .          Harm     .    (no cloak)
rCorr   .          Rampage  .    (no gloves)
Will    .....                    (no boots)
Stlth   ++                       (no amulet)
HPRegen 0.30/turn                (no ring)
MPRegen 0.10/turn                (no ring)

@: no status effects
A: horns 2, retaliatory headbutt
a: no special abilities


You were on level 5 of the Dungeon.
You visited 1 branch of the dungeon, and saw 5 of its levels.

You collected 216 gold pieces.

Inventory:

Hand Weapons
 a - a +0 spear (weapon)
Armour
 b - a +0 ring mail (worn)
Jewellery
 e - a ring of see invisible
 g - a +6 ring of dexterity
 h - the ring of Utugui {rElec rPois Will+++ rCorr Str-2}
   (You found it on level 2 of the Dungeon)

   [ring of resist corrosion]

   Str:       It affects your strength (-2).
   rElec:     It insulates you from electricity.
   rPois:     It protects you from poison.
   rCorr:     It protects you from acid and corrosion.
   Will:      It greatly increases your willpower.
 i - an amulet of magic regeneration
 q - a +6 ring of strength
Scrolls
 d - 6 scrolls of identify {unknown}
 f - a scroll of noise {unknown}
 j - a scroll of fear {unknown}
 k - a scroll of magic mapping {unknown}
 o - a scroll of poison {unknown}
 p - a scroll of acquirement {unknown}
 r - a scroll of teleportation {unknown}
 s - 2 scrolls of vulnerability {unknown}
Potions
 c - a potion of might {unknown}
 l - 2 potions of heal wounds {unknown}
 m - a potion of flight {unknown}
 n - 2 potions of brilliance {unknown}
 t - a potion of curing {unknown}


   Skills:
 + Level 5.8 Fighting
 + Level 5.8 Polearms
 + Level 1.2 Armour
 + Level 5.2 Dodging
 - Level 3.4 Stealth


You had 6 spell levels left.
You didn't know any spells.
Your spell library contained the following spells:

 Spells                   Type           Power      Damage    Failure   Level
 Static Discharge         Conj/Air       0%         2-2/arc   77%         2
 Vhi's Electric Charge    Tloc/Air       0%         N/A       94%         3
 Arcjolt                  Conj/Air       0%         1d10      100%        5
 Lightning Bolt           Conj/Air       0%         1d11      100%        5
 Maxwell's Capacitive Co  Air            0%         ∞         100%        8


Dungeon Overview and Level Annotations

Branches:
Dungeon (5/15)
 Temple: D:4-7

Altars:
Dithmenos
Hepliaklqana
Okawaru
Trog
Yredelemnul


Innate Abilities, Weirdness & Mutations

You have a pair of horns on your head.
You reflexively headbutt those who attack you in melee.


Message History

The gnoll closely misses you. The gnoll barely misses you.
A gnoll comes into view. It is wielding a +0 spear.
You hit the gnoll. Your punch misses the gnoll.
The gnoll is moderately wounded.
You barely miss the gnoll. You headbutt the gnoll.
The gnoll is moderately wounded.
The gnoll hits you with a +0 whip of electrocution.
The gnoll hits you with a +0 whip!
You hit the gnoll but do no damage. Your headbutt misses the gnoll.
The gnoll is moderately wounded.
The gnoll hits you with a +0 whip. The gnoll barely misses you.
You furiously retaliate!
You headbutt the gnoll. You hit the gnoll but do no damage.
The gnoll is moderately wounded.
The gnoll hits you from afar with a +0 halberd!
The gnoll barely misses you. The gnoll misses you. You furiously retaliate!
You headbutt the gnoll!
You kill the gnoll!
You are too injured to fight recklessly!
You are too injured to fight recklessly!
You closely miss the gnoll. You punch the gnoll.
The gnoll is heavily wounded.
The gnoll hits you from afar with a +0 halberd.
* * * LOW HITPOINT WARNING * * *
The gnoll hits you but does no damage.
You barely miss the gnoll. Your headbutt misses the gnoll.
The gnoll is heavily wounded.
The gnoll hits you from afar with a +0 spear!
* * * LOW HITPOINT WARNING * * *
The gnoll completely misses you. The gnoll barely misses you.
You furiously retaliate!
You headbutt the gnoll. The gnoll barely misses you.
The gnoll hits you with a +0 halberd.
* * * LOW HITPOINT WARNING * * *
The gnoll hits you with a +0 whip!
* * * LOW HITPOINT WARNING * * *
You see here a hound corpse.
You hit the gnoll. You headbutt the gnoll!
The gnoll is severely wounded.
The gnoll hits you with a +0 spear.
You die...

###.###########
#....# +....#
### ###.####
#...###.#..#
...........#
...........#
.##..##.).##
#.. #)g@#
+......gg......
#$.##...g.....#
>. #..........
# #..##...##.
...# ....# ##..
._.... #..
....#.


You could see a gnoll bouda and 3 gnolls.

Vanquished Creatures
  Grinder (D:3)
  An ice beast (D:3)
  2 hounds
  Jessica (D:2)
  5 gnolls
  5 adders
  3 worms
  3 dart slugs
  5 ball pythons
  3 bats
  8 endoplasms
  4 giant cockroaches
  8 goblins
  6 hobgoblins
  2 jackals (D:4)
  11 kobolds
  5 frilled lizards
  6 rats
79 creatures vanquished.

Notes
Turn   | Place    | Note
-------+----------+-------------------------------------------
     0 | D:1      | PLAYERX the Minotaur Monk began the quest for the Orb.
     0 | D:1      | Reached XP level 1. HP: 19/19 MP: 0/0
   168 | D:1      | You fall into a shaft and drop 1 floor!
   176 | D:2      | Reached XP level 2. HP: 27/27 MP: 1/1
   348 | D:2      | Identified the ring of Utugui {rElec rPois Will+++ rCorr
                  | Str-2}
   573 | D:1      | Reached XP level 3. HP: 33/33 MP: 2/2
  1465 | D:2      | Noticed Jessica
  1471 | D:2      | Killed Jessica
  1472 | D:2      | Reached XP level 4. HP: 27/41 MP: 3/3
  1691 | D:2      | Identified the +8 short sword of Piwophe {flame, Str-5
                  | Int+5 SInv}
  1947 | D:3      | Found a bloodstained altar of Trog.
  1988 | D:3      | Found a basalt altar of Yredelemnul.
  2060 | D:3      | Found a shadowy altar of Dithmenos.
  2151 | D:3      | Noticed Grinder
  2162 | D:3      | Paralysed by Grinder for 3 turns
  2176 | D:3      | Paralysed by Grinder for 2 turns
  2181 | D:3      | Killed Grinder
  2182 | D:3      | Reached skill level 5 in Fighting
  2182 | D:3      | Reached skill level 5 in Polearms
  2182 | D:3      | Reached XP level 5. HP: 26/48 MP: 4/4
  2182 | D:3      | Reached XP level 6. HP: 30/56 MP: 5/5
  2281 | D:3      | Noticed an ice beast
  2292 | D:3      | Killed an ice beast
  2387 | D:4      | Found a hazy altar of Hepliaklqana.
  2418 | D:4      | Reached skill level 5 in Dodging
  2982 | D:4      | Reached skill level 1 in Armour
  3166 | D:4      | Reached XP level 7. HP: 62/62 MP: 6/6
  3425 | D:5      | Entered Level 5 of the Dungeon
  3445 | D:5      | Found an iron altar of Okawaru.
  3462 | D:5      | HP: 2/62 [gnoll/+0 whip[a gnoll bouda] (7)]
  3463 | D:5      | Slain by a gnoll

Illustrated notes

Levels and vault maps discovered:
D:1:      amcnicky_arrival_underground_garden, layout_basic
D:2:      layout_rooms, uniq_jessica
D:3:      layout_rooms, grunt_dithmenos_smoke_and_mirrors,
          mainiacjoe_overflow_alcove_1, mainiacjoe_overflow_alcove_2,
          uniq_grinder
D:4:      layout_loops_ring, mainiacjoe_overflow_concentric_impassable, hex_tiny
D:5:      layout_gridville, mainiacjoe_overflow_cross_hatched,
          mainiacjoe_overflow_surrounded_room, okawaru_gym_becter,
          minmay_temple_entry_purple_smoke, gup_sewer_entry_bubbles,
          uniq_eustachio, uniq_prince_ribbit1

Skill      XL: |  1  2  3  4  5  6 |
---------------+-------------------+-----
Stealth        | 2 3 |  3.4
Fighting       | 4 5 |  5.8
Polearms       | 4 5 |  5.8
Dodging        | 4 5 |  5.2
Armour         | 1 |  1.2

Action                     |  1- 3 |  4- 6 |  7- 9 || total
---------------------------+-------+-------+-------++-------
  Melee: Spear             |   116 |   112 |    17 ||   245
         Headbutt          |    17 |    26 |     4 ||    47
         Punch             |       |     3 |     1 ||     4
    Use: Potion            |       |     1 |       ||     1
   Stab: Sleeping          |     3 |     6 |       ||     9
         Distracted        |       |     1 |       ||     1
 Armour: Robe              |     4 |       |       ||     4
         Ring mail         |    15 |    18 |     2 ||    35
  Dodge: Dodged            |    47 |    40 |    16 ||   103

Table legend: (Time is in decaauts)
 A = Elapsed time spent in this place.
 B = Non-inter-level travel time spent in this place.
 C = Inter-level travel time spent in this place.
 D = Time resting spent in this place.
 E = Time spent auto-exploring this place.
 F = Levels seen in this place.
 G = Mean time per level.
                   A        B        C        D        E       F      G
               +--------+--------+--------+--------+--------+-----+--------+
         Total |   3431 |   3431 |      0 |    484 |   2157 |   5 |  686.2 |
       Dungeon |   3431 |   3431 |      0 |    484 |   2157 |   5 |  686.2 |
               +--------+--------+--------+--------+--------+-----+--------+

Top non-repeatable levels by time:
     D:1: 1124 daAuts
     D:4: 1081 daAuts
     D:2: 682 daAuts
     D:3: 508 daAuts
     D:5: 34 daAuts
